AoeStats
← Marcus Aurelius

Arena

510188654Analyzed
1v1 RM · 3d ago on Sep 29, 2026· 51m 52s· 2 players
Game mode
Random Map
Map size
Tiny (2 player)
Population
200
Speed
Normal
Resources
Standard
Victory
Conquest
Starting age
Dark Age
Ending age
Imperial Age
RankedLock teamsTeams togetherTeam positionsShared explorationLock speedFull tech treeHidden civsTurbo modeCheats
Victory
Defeat
🇺🇸 Romans · United States
1414
+11
🇺🇾 Turks · Uruguay
1311
-11
Marcus Aurelius
10:55 Feudal Age
13:05 Double-Bit Axe
16:42 Castle Age
17:01 Wheelbarrow
17:31 Scale Barding Armor
17:39 Horse Collar
18:29 Forging
20:05 Bloodlines
19:44 Loom
20:38 Heavy Plow
23:22 Bow Saw
24:50 Chain Barding Armor
25:35 Husbandry
29:19 Iron Casting
30:21 Gold Mining
30:50 Hand Cart
30:47 Devotion
41:52 Imperial Age
41:17 Scale Mail Armor
41:18 Pikeman
41:59 Squires
42:07 Capped Ram
42:11 Halberdier
43:42 Chain Mail Armor
45:02 Cavalier
46:16 Conscription
47:28 Blast Furnace
48:00 Fletching
48:11 Padded Archer Armor
49:32 Comitatenses
49:57 Crop Rotation
50:01 Bodkin Arrow
DGHIR | Rorro Knight®
11:10 Feudal Age
12:53 Loom
15:27 Castle Age
20:00 Imperial Age
17:59 Double-Bit Axe
20:08 Gold Mining
30:24 Sanctity
30:16 Fervor
31:02 Town Watch
32:46 Padded Archer Armor
34:44 Leather Archer Armor
35:06 Wheelbarrow
36:13 Redemption
38:46 Scale Barding Armor
39:40 Bloodlines
40:03 Hand Cart
40:21 Forging
40:51 Heavy Camel Rider
42:15 Husbandry
42:22 Horse Collar
43:47 Chain Barding Armor
44:24 Iron Casting
45:44 Plate Barding Armor
45:10 Scale Mail Armor
45:53 Heavy Plow
46:05 Bow Saw
47:12 Conscription
48:48 Blast Furnace
50:24 Two-Man Saw
50:03 Gold Shaft Mining
49:19 Stone Mining
51:12 Ring Archer Armor
Connection lost

Rejoining the realm…

Still unreachable

The connection could not be restored.

Session expired

The server has moved on; the page needs a fresh start.